 Dungeon Crawl Stone Soup version 0.28-a0-991-g956f0ee3d5 (webtiles) character file.

Game seed: 8140982780733972169

65559 demibob the Cruncher (level 14, -1/90 HPs)
             Began as a Demonspawn Gladiator on Dec 5, 2021.
             Was a High Priest of Ignis.
             Slain by a phantasmal warrior (30 damage)
             ... led by a death knight
             ... on level 12 of the Dungeon.
             The game lasted 00:53:06 (26497 turns).

demibob the Cruncher (Demonspawn Gladiator)        Turns: 26497, Time: 00:53:06

Health: -1/90      AC: 18    Str: 16    XL:     14   Next: 75%
Magic:  18/22      EV: 13    Int: 11    God:    Ignis [*****.]
Gold:   1621       SH:  5    Dex: 15    Spells: 14/24 levels left

rFire   + . .      SeeInvis .   a - +0 quarterstaff (freeze)
rCold   + . .      Faith    .   (shield currently unavailable)
rNeg    . . .      Spirit   .   X - +2 robe {rC+}
rPois   .          Reflect  +   (helmet restricted)
rElec   .          Harm     .   w - +1 cloak
rCorr   .          Rampage  .   O - +0 pair of gloves
Will    .....                   (boots unavailable)
Stlth   +.........              q - amulet of reflection
HPRegen 0.25/turn               T - +4 ring of protection
MPRegen 0.18/turn               t - +4 ring of protection

@: weak-willed
A: hooves 3, thin metallic scales 2, demonic guardian 2, ignite blood 2,
augmentation 1, horns 1, weak 1
a: Renounce Religion, Fiery Armour, Foxfire Swarm, Rising Flame


You were on level 12 of the Dungeon.
You worshipped Ignis.
Ignis was extremely pleased with you.
You visited 3 branches of the dungeon, and saw 20 of its levels.
You visited the Abyss 1 time.
You also visited: Sewer.

You collected 1845 gold pieces.
You spent 224 gold pieces at shops.


Innate Abilities, Weirdness & Mutations

You have hooves in place of feet.
You are mostly covered in thin metallic scales. (AC +3)
A demonic guardian rushes to your aid.
Your demonic aura often causes spilled blood to erupt in flames.
Your magical and physical power is slightly enhanced at high health.
You have a pair of small horns on your head.
You are weak. (Str -2)


   Skills:
 - Level 2.0 Fighting
 - Level 14.0 Staves
 - Level 1.7 Throwing
 - Level 5.0 Armour
 - Level 4.3 Dodging
 - Level 5.5 Spellcasting
 + Level 9.7 Conjurations
 - Level 4.1 Transmutations
 - Level 4.0 Fire Magic
 - Level 10.2 Poison Magic
 + Level 13.1 Evocations


You had 14 spell levels left.
You knew the following spells:

 Your Spells              Type           Power      Damage    Failure   Level
f - Foxfire               Conj/Fire      72%        2x1d7     1%          1
o - Olgreb's Toxic Radia  Pois           25%        N/A       3%          4
p - Poisonous Vapours     Pois/Air       28%        N/A       3%          2
X - Ignite Poison         Fire/Tmut/Pois 16%        N/A       4%          3

Your spell library contained the following spells:

 Spells                   Type           Power      Damage    Failure   Level
 Sting                    Tmut/Pois      72%        1d6       1%          1
 Shock                    Conj/Air       52%        1d6       2%          1
 Conjure Flame            Conj/Fire      18%        6-21      3%          3
 Scorch                   Fire           22%        2d6       6%          2
 Dazzling Flash           Conj/Hex       26%        N/A       9%          3
 Flame Wave               Conj/Fire      18%        2d5       12%         4
 Sticky Flame             Conj/Fire      18%        2d4       12%         4
 Passwall                 Tmut/Erth      5%         N/A       13%         2
 Slow                     Hex            12%        N/A       21%         1
 Inner Flame              Hex/Fire       7%         N/A       26%         3
 Corpse Rot               Necr/Air       6%         N/A       30%         2
 Confusing Touch          Hex            3%         N/A       52%         3
 Gell's Gravitas          Tloc           3%         N/A       52%         3
 Swiftness                Air            3%         N/A       52%         3
 Teleport Other           Tloc           3%         N/A       52%         3
 Vampiric Draining        Necr           3%         2d6       52%         3
 Dispel Undead            Necr           3%         3d7       90%         4
 Summon Ice Beast         Ice/Summ       3%         N/A       90%         4
 Summon Mana Viper        Hex/Summ       3%         N/A       99%         5
 Death Channel            Necr           1%         N/A       100%        6
 Dispersal                Tloc           1%         N/A       100%        6
 Summon Cactus Giant      Summ           1%         N/A       100%        6
 Monstrous Menagerie      Summ           1%         N/A       100%        7

Inventory:

Hand Weapons
 a - a +0 quarterstaff of freezing (weapon)
Missiles
 d - 2 throwing nets (quivered) {=f}
 z - 6 curare-tipped darts {=f}
Armour
 c - a scarf of shadows
 w - a +1 cloak (worn)
 H - +0 acid dragon scales
 O - a +0 pair of gloves (worn)
 X - a +2 robe of cold resistance (worn)
Magical Staves
 l - a staff of air {!a}
 r - a staff of conjuration {!a}
Jewellery
 f - a ring of protection from fire
 q - an amulet of reflection (around neck)
 t - a +4 ring of protection (right hand)
 u - an amulet of magic regeneration
 C - a ring of ice
 E - a +4 ring of evasion
 F - a ring of fire
 R - a ring of resist corrosion
 S - a +6 ring of strength
 T - a +4 ring of protection (left hand)
Wands
 b - a wand of iceblast (7)
 s - a wand of mindburst (17)
 y - a wand of acid (5)
 G - a wand of flame (18)
 J - a wand of polymorph (4)
Scrolls
 i - 4 scrolls of teleportation {@r2}
 n - 4 scrolls of amnesia
 o - a scroll of enchant weapon
 p - 5 scrolls of fog
 v - 2 scrolls of fear
 K - 2 scrolls of enchant armour
 L - a scroll of magic mapping
 P - 3 scrolls of identify {@r1}
Potions
 e - 4 potions of lignification
 g - 3 potions of brilliance
 h - a potion of invisibility
 j - 9 potions of haste {@q3}
 k - 5 potions of resistance
 m - 6 potions of magic
 A - 2 potions of berserk rage {!q}
 B - a potion of ambrosia
 D - a potion of cancellation
 I - a potion of might {unknown}
 N - 3 potions of curing {@q1}
 V - a potion of flight
Miscellaneous
 x - a piece from Xom's chessboard (15/15)
 M - a condenser vane

Dungeon Overview and Level Annotations

Branches:
Dungeon (12/15)            Temple (0/1) D:4            Lair (6/6) D:10
  Swamp (0/4) Lair:2        Snake (0/4) Lair:2        Slime (0/5) Lair:6
    Orc (2/2) D:11            Elf (0/3) Orc:2         Sewer (visited)

Altars:
Cheibriados
Elyvilon
Hepliaklqana
Kikubaaqudgha
Sif Muna
Trog
Vehumet
Ignis

Shops:
D:4 :   D:10 *   D:11 (:   Orc:2 *[*[

Annotations:
D:10 1 runed translucent door, kklluuttzz's ghost, journeyman FoEE
Lair:3 1 runed translucent door, Deaggicw's ghost, journeyman DrTm
Lair:5 3 runed translucent doors, pokeman's ghost, journeyman DEWz

########## ########
#........# #......####
#........#
#......'..###
#........#
#......##...######
#........#
####......####.......
#........###..W@W....#
########
#.......)#.W.##.3....#
#........'.####[.....#
#........### #......#
#........# ####+###
#######'## #W^# #.##
#.#


You could see a phantasmal warrior (ally target), a freezing wraith, a wraith
and a friendly sun demon (summoned).


Message History

You barely miss the phantasmal warrior.
You kick the phantasmal warrior, but do no damage.
The phantasmal warrior is severely damaged.
You closely miss the phantasmal warrior.
You kick the phantasmal warrior!
The phantasmal warrior is almost destroyed.
The phantasmal warrior hits you!
* * * LOW HITPOINT WARNING * * *
The phantasmal warrior gestures at you.
The phantasmal warrior blinks!
There is an open door here.
There is an open door, spattered with blood here.
You close the door.
You start resting.
A freezing wraith opens the door.
There is an open door here.
The phantasmal warrior gestures at you.
The phantasmal warrior blinks!
You sock the phantasmal warrior!
The phantasmal warrior is almost destroyed.
You hit the phantasmal warrior but do no damage.
You headbutt the phantasmal warrior, but do no damage.
The phantasmal warrior is almost destroyed.
The phantasmal warrior hits you!!
* * * LOW HITPOINT WARNING * * *
A demonic guardian appears!
You block the freezing wraith's attack.
The freezing wraith hits you but does no damage.
Okay, then.
You feel much better. The phantasmal warrior hits you!!
You die...

Skill      XL: |  1  2  3  4  5  6  7  8  9 10 11 12 13 14 |
---------------+-------------------------------------------+-----
Staves         | 3 4 5 6 7 8 9 10 11 12 14 | 14.0
Poison Magic   | 2 3 5 6 8 9 10 | 10.2
Armour         | 2 4 5 |  5.0
Spellcasting   | 2 5 |  5.5
Dodging        | 3 4 |  4.3
Evocations     | 2 6 8 11 13 | 13.1
Conjurations   | 1 3 6 9 |  9.7
Fire Magic     | 4 |  4.0
Transmutations | 2 4 |  4.1
Fighting       | |  2.0
Throwing       | |  1.7

Action                   |  1- 3 |  4- 6 |  7- 9 | 10-12 | 13-15 || total
-------------------------+-------+-------+-------+-------+-------++-------
Melee: Quarterstaff      |   100 |   291 |   259 |   578 |   501 ||  1729
       Kick              |       |    65 |    75 |   200 |   163 ||   503
       Unarmed           |       |     6 |       |       |       ||     6
       Headbutt          |       |       |    46 |   122 |   113 ||   281
Throw: Throwing net      |     2 |       |     1 |       |       ||     3
 Cast: Poisonous Vapours |       |       |     1 |    27 |    15 ||    43
       Olgreb's Toxic Ra |       |       |     2 |    42 |    44 ||    88
       Ignite Poison     |       |       |       |     2 |     8 ||    10
Invok: Fiery Armour      |       |       |     1 |       |       ||     1
Evoke: Wand              |       |       |     9 |    22 |     1 ||    32
       Condenser vane    |       |       |       |       |     3 ||     3
  Use: Scroll            |     7 |     5 |     3 |     8 |     2 ||    25
       Potion            |       |     3 |    11 |     4 |     2 ||    20
 Stab: Held in net/web   |     1 |       |       |       |       ||     1
       Distracted        |       |     1 |       |       |       ||     1
       Sleeping          |       |       |     3 |       |       ||     3
       Paralysed         |       |       |       |     2 |       ||     2
Armor: Leather armour    |    49 |    87 |   116 |    86 |       ||   338
       Skin              |       |     1 |       |       |       ||     1
       Steam dragon scal |       |       |       |    26 |       ||    26
       Acid dragon scale |       |       |       |   123 |   153 ||   276
       Robe              |       |       |       |       |    37 ||    37
Dodge: Dodged            |    87 |   187 |   134 |   274 |   194 ||   876
Block: Other             |       |     3 |    64 |   111 |    73 ||   251
       Reflection        |       |       |     2 |     1 |       ||     3

Levels and vault maps discovered:
D:1:      dpeg_arrival_rooms_with_view, layout_rooms,
          shapermc_ecumenical_altar_notcrosses, chequers_avenue
D:2:      layout_basic
D:3:      layout_basic, portal_sewer_entry_b, grunt_ministairs_9, uniq_terence
D:4:      cheibrodos_quashed, layout_basic, kiku_gazebo_garden_becter,
          minmay_temple_entry_grid, serial_shops, nicolae_shop_statue_plus,
          uniq_natasha, uniq_robin
D:5:      layout_cave_pools, minmay_overflow_temple_star_quad,
          hellmonk_bongcloud_opening
D:6:      layout_basic, jmf_multi_god_temple, minmay_fractal_squares_5
D:7:      layout_rooms, hangedman_decor_opposing, minmay_shattered_shrine,
          uniq_harold
D:8:      cheibrodos_fzero, layout_basic
D:9:      layout_gridville, uniq_pikel, uniq_prince_ribbit1
D:10:     layout_long_grid, minmay_lair_entry_grove,
          hellmonk_ghost_happy_afterlife, nicolae_shop_gadgets, uniq_joseph,
          uniq_psyche, uniq_erolcha
D:11:     layout_roguey [special_room_orc], orc_0_dummy, serial_shops,
          nicolae_lakefront_shop, nicolae_shop_crystal, uniq_fannar
D:12:     layout_roguey, grunt_ministairs_4, uniq_snorg
Lair:1:   layout_hall_layers, grunt_megastairs_5, infiniplex_staircase_pool
Lair:2:   layout_loops_ring, minmay_swamp_entry_worms, dummy_snake_entry,
          lemuel_fruit_tree
Lair:3:   layout_roguey, ebering_ghost_inner_flame
Lair:4:   layout_small_grid, st_stairs_6, minmay_holes, lemuel_centaur_altar,
          serial_bayou_shore_a
Lair:5:   layout_long_grid, maelrawn_ghost_gauntlet_escape,
          portal_ice_cave_entry_ice_simulacra, serial_bayou_shore_b,
          grunt_megastairs_4
Lair:6:   hangedman_lair_caniforms_friends, layout_small_grid,
          nicolae_slime_entry_slimehenge, st_stairs_12,
          infiniplex_staircase_pool_2
Orc:1:    layout_diamond_mine
Orc:2:    st_orc_open, layout_caves

Notes
Turn   | Place    | Note
-------+----------+-------------------------------------------
     0 | D:1      | demibob the Demonspawn Gladiator began the quest for the
                  | Orb.
     0 | D:1      | Reached XP level 1. HP: 16/16 MP: 1/1
   154 | D:1      | Reached skill level 3 in Staves
   168 | D:1      | Gained mutation: You are partially covered in thin metallic
                  | scales. (AC +2) [demonic ancestry]
   168 | D:1      | Reached XP level 2. HP: 15/22 MP: 2/2
   320 | D:1      | Found a faded altar of an unknown god.
   443 | D:1      | Reached XP level 3. HP: 18/27 MP: 3/3
   676 | D:1      | Reached skill level 4 in Staves
  1704 | D:1      | Prayed at the altar of an unknown god.
  1704 | D:1      | Became a worshipper of Ignis, the Dying Flame
  1782 | D:3      | Noticed Terence
  1792 | D:3      | Killed Terence
  1793 | D:3      | Gained mutation: You have large cloven feet. [demonic
                  | ancestry]
  1793 | D:3      | Reached XP level 4. HP: 27/33 MP: 4/4
  2036 | D:3      | Found a glowing drain.
  2052 | D:3      | Reached skill level 5 in Staves
  2063 | Sewer    | Entered a sewer
  2415 | Sewer    | Gained mutation: Your demonic aura sometimes causes spilled
                  | blood to erupt in flames. [demonic ancestry]
  2415 | Sewer    | Reached XP level 5. HP: 37/38 MP: 5/5
  2441 | Sewer    | Learned a level 2 spell: Poisonous Vapours
  2557 | Sewer    | HP: 3/38 [river rat (5)]
  2564 | Sewer    | Reached skill level 1 in Poison Magic
  3744 | D:3      | Reached skill level 2 in Poison Magic
  4009 | D:4      | Reached XP level 6. HP: 42/44 MP: 6/6
  4211 | D:4      | Found Atohoqest's Book Boutique.
  4257 | D:4      | Found a staircase to the Ecumenical Temple.
  4534 | D:4      | Noticed Natasha
  4539 | D:4      | Killed Natasha
  4564 | D:4      | Reached skill level 6 in Staves
  4568 | D:4      | Noticed Natasha
  4688 | D:4      | Killed Natasha
  4689 | D:4      | Reached skill level 3 in Poison Magic
  4871 | D:4      | Found an ancient bone altar of Kikubaaqudgha.
  5120 | D:4      | Identified 3 potions of resistance
  5235 | D:4      | Noticed Natasha
  5243 | D:4      | Killed Natasha
  5492 | D:5      | Entered Level 5 of the Dungeon
  5527 | D:5      | Gained mutation: A weak demonic guardian rushes to your
                  | aid. [demonic ancestry]
  5527 | D:5      | Reached XP level 7. HP: 37/50 MP: 7/7
  5678 | D:5      | Reached skill level 4 in Poison Magic
  5887 | D:5      | Noticed a vampire
  5893 | D:5      | Gained mutation: You are weak. (Str -2) [potion of
                  | mutation]
  5893 | D:5      | Gained mutation: You have a pair of small horns on your
                  | head. [potion of mutation]
  5925 | D:5      | Killed a vampire
  5926 | D:5      | Reached skill level 7 in Staves
  5926 | D:5      | Reached skill level 1 in Armour
  6263 | D:5      | Reached skill level 2 in Armour
  6263 | D:5      | Reached skill level 5 in Poison Magic
  6263 | D:5      | Gained mutation: A demonic guardian rushes to your aid.
                  | [demonic ancestry]
  6263 | D:5      | Reached XP level 8. HP: 56/56 MP: 8/8
  6324 | D:5      | Found a snail-covered altar of Cheibriados.
  6328 | D:5      | Found a bloodstained altar of Trog.
  6331 | D:5      | Found a radiant altar of Vehumet.
  6411 | D:5      | Learned a level 4 spell: Olgreb's Toxic Radiance
  6894 | D:6      | Reached skill level 3 in Armour
  6965 | D:6      | Found a shimmering blue altar of Sif Muna.
  7397 | D:6      | Got Heock's Collected Works on Arcane Weapons and
                  | Envenoming
  7643 | D:7      | You fall into a shaft and drop 2 floors!
  7797 | D:9      | Noticed Pikel
  7812 | D:9      | Killed Pikel
  7813 | D:9      | Reached skill level 8 in Staves
  7813 | D:9      | Reached skill level 4 in Armour
  7813 | D:9      | Reached skill level 6 in Poison Magic
  7813 | D:9      | Gained mutation: You are mostly covered in thin metallic
                  | scales. (AC +3) [demonic ancestry]
  7813 | D:9      | Reached XP level 9. HP: 45/61 MP: 9/9
  8283 | D:8      | Reached skill level 7 in Poison Magic
  8343 | D:8      | Reached skill level 5 in Armour
  8433 | D:8      | Noticed a two-headed ogre
  8445 | D:8      | Killed a two-headed ogre
  8446 | D:8      | Reached skill level 9 in Staves
  8512 | D:8      | Noticed a two-headed ogre
  8513 | D:8      | Noticed a cyclops
  8519 | D:8      | Reached skill level 8 in Poison Magic
  8522 | D:8      | Killed a two-headed ogre
  8523 | D:8      | Reached skill level 2 in Spellcasting
  8525 | D:8      | Gained mutation: You have hoof-like feet. [demonic
                  | ancestry]
  8525 | D:8      | Reached XP level 10. HP: 40/67 MP: 6/13
  8526 | D:8      | Killed a cyclops
  8529 | D:8      | Noticed a purple ugly thing
  8539 | D:8      | Killed a purple ugly thing
  8540 | D:8      | Reached skill level 3 in Spellcasting
  8964 | D:8      | Reached skill level 10 in Staves
  8964 | D:8      | Reached skill level 9 in Poison Magic
  9416 | D:7      | Reached skill level 4 in Spellcasting
  9920 | D:7      | Reached skill level 3 in Dodging
  9920 | D:7      | Reached skill level 1 in Evocations
 10120 | D:7      | Reached skill level 2 in Evocations
 10611 | D:7      | Noticed Harold
 10620 | D:7      | Killed Harold
 10621 | D:7      | Reached skill level 5 in Spellcasting
 10621 | D:7      | Gained mutation: Your magical and physical power is
                  | slightly enhanced at high health. [demonic ancestry]
 10621 | D:7      | Reached XP level 11. HP: 72/72 MP: 6/18
 11269 | D:9      | Noticed a two-headed ogre
 11276 | D:9      | Killed a two-headed ogre
 11277 | D:9      | Reached skill level 4 in Dodging
 11277 | D:9      | Reached skill level 3 in Evocations
 11573 | D:9      | Noticed Prince Ribbit
 11582 | D:9      | Killed Prince Ribbit
 12203 | D:10     | Entered Level 10 of the Dungeon
 12203 | D:10     | Noticed Joseph
 12214 | D:10     | Killed Joseph
 12335 | D:10     | Noticed a two-headed ogre
 12341 | D:10     | Killed a two-headed ogre
 12342 | D:10     | Reached skill level 11 in Staves
 12342 | D:10     | Reached skill level 4 in Evocations
 12458 | D:10     | Noticed Psyche
 12465 | D:10     | Killed Psyche
 12620 | D:10     | Noticed kklluuttzz's ghost (journeyman FoEE)
 12625 | D:10     | Found a runed translucent door.
 12639 | D:10     | Reached skill level 10 in Poison Magic
 12707 | D:10     | Reached skill level 5 in Evocations
 12726 | D:10     | Found Maferatz's Gadget Gallery.
 12932 | D:10     | Bought a wand of paralysis (5) for 98 gold pieces
 12932 | D:10     | Bought a wand of iceblast (5) for 126 gold pieces
 12973 | D:10     | Found a staircase to the Lair.
 12990 | D:10     | Noticed Erolcha
 12991 | D:10     | You are cast into the Abyss!
 12991 | D:10     | Cast into level 1 of the Abyss (Erolcha)
 12997 | Abyss:1  | Noticed a blizzard demon
 13015 | Abyss:1  | Found a corrupted altar of Lugonu.
 13265 | Abyss:1  | Noticed a tentacled starspawn
 13287 | D:10     | You pass through the gate.
 13287 | D:10     | Escaped the Abyss
 13293 | D:10     | Killed Erolcha
 13364 | D:10     | Reached skill level 6 in Evocations
 13706 | Lair:1   | Entered Level 1 of the Lair of Beasts
 13832 | Lair:1   | Reached skill level 1 in Conjurations
 14112 | Lair:1   | Gained mutation: Your demonic aura often causes spilled
                  | blood to erupt in flames. [demonic ancestry]
 14112 | Lair:1   | Reached XP level 12. HP: 77/78 MP: 16/20
 14193 | Lair:1   | Noticed a six-headed hydra
 14205 | Lair:1   | Reached skill level 2 in Conjurations
 14210 | Lair:1   | Killed a six-headed hydra
 14233 | Lair:1   | Reached skill level 12 in Staves
 14233 | Lair:1   | Reached skill level 3 in Conjurations
 14646 | Lair:1   | Learned a level 3 spell: Ignite Poison
 14690 | Lair:1   | Reached skill level 7 in Evocations
 14693 | Lair:1   | You fall into a shaft and drop 1 floor!
 14694 | Lair:2   | Found a staircase to the Snake Pit.
 14726 | Lair:2   | Reached skill level 1 in Fire Magic
 14800 | Lair:2   | Noticed an eight-headed hydra
 14812 | Lair:2   | Killed an eight-headed hydra
 14954 | Lair:2   | Reached skill level 2 in Fire Magic
 16056 | Lair:2   | Found a staircase to the Swamp.
 16610 | Lair:3   | Reached skill level 3 in Fire Magic
 16709 | Lair:3   | Reached skill level 8 in Evocations
 17003 | Lair:3   | Found a runed translucent door.
 17004 | Lair:3   | Noticed Deaggicw's ghost (journeyman DrTm)
 17004 | Lair:3   | Noticed a boulder beetle
 17372 | Lair:4   | Reached skill level 4 in Fire Magic
 17682 | Lair:4   | Reached skill level 1 in Transmutations
 18221 | Lair:4   | Found a hazy altar of Hepliaklqana.
 18731 | Lair:5   | Found a frozen archway.
 18744 | Lair:5   | Reached skill level 2 in Transmutations
 18772 | Lair:5   | Reached XP level 13. HP: 61/83 MP: 16/21
 18897 | Lair:5   | Reached skill level 13 in Staves
 18897 | Lair:5   | Reached skill level 9 in Evocations
 18920 | Lair:5   | Reached skill level 3 in Transmutations
 19223 | Lair:5   | Found a runed translucent gate.
 19223 | Lair:5   | Found a runed translucent gate.
 19246 | Lair:5   | Noticed a minotaur
 19246 | Lair:5   | Noticed pokeman's ghost (journeyman DEWz)
 19830 | Lair:5   | Reached skill level 4 in Transmutations
 20095 | Lair:5   | Found a runed translucent gate.
 20336 | Lair:6   | Entered Level 6 of the Lair of Beasts
 20350 | Lair:6   | Reached skill level 10 in Evocations
 20363 | Lair:6   | Reached skill level 4 in Conjurations
 21186 | Lair:6   | Identified the +7 chain mail of the Forest {Int+3 SInv}
 21270 | Lair:6   | Found a staircase to the Slime Pits.
 21588 | Lair:6   | Reached skill level 5 in Conjurations
 21954 | Lair:6   | Reached skill level 14 in Staves
 22184 | Lair:6   | Reached skill level 6 in Conjurations
 22300 | Lair:6   | Reached skill level 11 in Evocations
 22347 | Lair:6   | Gained mutation: You have hooves in place of feet. [demonic
                  | ancestry]
 22347 | Lair:6   | Reached XP level 14. HP: 50/90 MP: 12/22
 22825 | D:11     | Noticed Fannar
 22826 | D:11     | >>fuck you
 22826 | D:11     | >>fuck you fuck you fuck you
 22835 | D:11     | Killed Fannar
 23637 | D:11     | Found a staircase to the Orcish Mines.
 23735 | D:11     | Found Gaorot's Book Shop.
 23761 | D:11     | Found Nyqaakan's Antique Weapon Boutique.
 23880 | D:11     | Learned a level 1 spell: Foxfire
 23953 | Orc:1    | Entered Level 1 of the Orcish Mines
 23960 | Orc:1    | Reached skill level 7 in Conjurations
 24184 | Orc:1    | Paralysed by an orc sorcerer for 5 turns
 24392 | Orc:2    | Entered Level 2 of the Orcish Mines
 24460 | Orc:2    | Reached skill level 8 in Conjurations
 24460 | Orc:2    | Reached skill level 12 in Evocations
 24472 | Orc:2    | Reached skill level 9 in Conjurations
 24587 | Orc:2    | Found Arhopum's Antique Armour Boutique.
 24591 | Orc:2    | Found Alitsi Ehel's General Store.
 24592 | Orc:2    | Found Gawuzxub's Antique Armour Boutique.
 24628 | Orc:2    | Found Utaim's General Store.
 24671 | Orc:2    | Found a staircase to the Elven Halls.
 24699 | Orc:2    | Paralysed by an orc sorcerer for 2 turns
 25569 | D:12     | Noticed Snorg
 25583 | D:12     | Killed Snorg
 26001 | D:12     | Reached skill level 13 in Evocations
 26496 | D:12     | HP: 7/90 [phantasmal warrior[a death knight] (29)]
 26497 | D:12     | Slain by a phantasmal warrior

Vanquished Creatures
  An ettin (Orc:2)
  Snorg (D:12)
  3 hydras
  Harold (D:7)
  Fannar (D:11)
  A boulder beetle (Lair:6)
  Erolcha (D:10)
  2 ogre magi (Orc:2)
  An alligator (Lair:6)
  A death knight (D:12)
  13 two-headed ogres
  A fire crab (Lair:5)
  2 deep trolls (Orc:2)
  Pikel (D:9)
  An orc knight (D:11)
  An orc sorcerer (Orc:1)
  2 cyclopes (Orc:2)
  An ugly thing (D:8)
  An elephant (Lair:4)
  Joseph (D:10)
  3 black mambas
  10 cane toads
  2 rime drakes
  A kobold demonologist (D:11)
  11 komodo dragons
  Psyche (D:10)
  12 trolls
  10 polar bears
  A hornet (D:8)
  Prince Ribbit (D:9)
  A slime creature (D:8)
  3 raiju (Lair:6)
  A tyrant leech (Lair:2)
  18 blink frogs
  12 dream sheep
  2 shadows (D:12)
  4 wyverns
  A wraith (D:11)
  A vampire (D:5)
  4 basilisks
  36 yaks
  A neqoxec (Abyss:1)
  A steam dragon (D:10)
  2 death yak simulacra (Lair:5)
  A vampire mosquito (D:7)
  9 wargs
  3 swamp worms (Lair:2)
  19 water moccasins
  11 hell hounds (Lair:6)
  2 acid dragons
  12 orc warriors
  An ice beast (D:6)
  14 black bears
  23 ogres
  A necrophage (D:5)
  21 wolves
  7 centaurs
  4 lemures (D:9)
  A kobold brigand (D:7)
  10 bullfrogs
  A gnoll sergeant (D:7)
  A scorpion (D:7)
  A wyvern zombie (D:7)
  A water moccasin zombie (D:6)
  A water moccasin skeleton (D:7)
  An elephant simulacrum (Lair:5)
  2 killer bees (D:8)
  3 wights
  4 howler monkeys
  2 electric eels
  3 centaur zombies
  5 jellies
  A bullfrog zombie (D:6)
  4 hounds
  12 orc priests
  3 bullfrog skeletons
  A centaur skeleton (D:6)
  Terence (D:3)
  Natasha (thrice) (D:4)
  5 iguanas
  11 orc wizards
  A killer bee zombie (D:6)
  A howler monkey zombie (D:8)
  10 gnolls
  7 adders
  8 river rats
  2 shadow imps
  A white imp (D:8)
  4 ufetubi
  A worm (D:3)
  A dart slug (D:5)
  72 orcs
  13 ball pythons
  6 bats
  8 endoplasms
  4 giant cockroaches
  7 goblins
  2 hobgoblins
  13 jackals
  2 quokkas
  4 frilled lizards
  27 kobolds
  25 rats
600 creatures vanquished.

Vanquished Creatures (collateral kills)
  A boulder beetle (D:12)
  A two-headed ogre (D:12)
  An orc sorcerer (Orc:2)
  A cyclops (D:8)
  2 slime creatures (D:12)
  A cane toad (Lair:4)
  2 trolls
  A raiju (Lair:6)
  A steam dragon (D:8)
  A warg (Lair:6)
  An orc warrior (D:11)
  A centaur (Lair:4)
  A gnoll (D:7)
  A worm (D:5)
  An orc (D:11)
17 creatures vanquished.

Vanquished Creatures (others)
  18 fungi
  44 plants
  2 starspawn tentacles (Abyss:1)
  10 withered plants (D:4)
74 creatures vanquished.

Grand Total: 691 creatures vanquished

Table legend: (Time is in decaauts)
 A = Elapsed time spent in this place.
 B = Non-inter-level travel time spent in this place.
 C = Inter-level travel time spent in this place.
 D = Time resting spent in this place.
 E = Time spent auto-exploring this place.
 F = Levels seen in this place.
 G = Mean time per level.
                   A        B        C        D        E       F      G
               +--------+--------+--------+--------+--------+-----+--------+
         Total |  26186 |  25166 |   1020 |   4801 |  16714 |  22 | 1190.3 |
       Dungeon |  14349 |  13846 |    503 |   2125 |   9592 |  12 | 1195.8 |
          Lair |   8843 |   8480 |    363 |   2006 |   5475 |   6 | 1473.8 |
  Orcish Mines |   1526 |   1373 |    153 |    329 |    863 |   2 |  763.0 |
         Abyss |    292 |    292 |      0 |    215 |      0 |   1 |  292.0 |
         Sewer |   1173 |   1173 |      0 |    125 |    784 |   1 | 1173.0 |
               +--------+--------+--------+--------+--------+-----+--------+

Top non-repeatable levels by time:
  Lair:6: 2191 daAuts
     D:8: 1677 daAuts
  Lair:5: 1647 daAuts
     D:7: 1536 daAuts
     D:4: 1468 daAuts
  Lair:2: 1441 daAuts
  Lair:1: 1401 daAuts
  Lair:4: 1350 daAuts
     D:9: 1272 daAuts
    D:10: 1200 daAuts
    D:11: 1200 daAuts
   Sewer: 1173 daAuts
     D:3: 1106 daAuts
     D:6: 1103 daAuts
     D:5: 1064 daAuts

Table legend:
 A = Non-vault XP
 B = Vault XP
 C = Vault XP percentage of total XP
 D = Non-vault monster count
 E = Vault monster count
 F = Vault count percentage of total count
                 A         B        C        D         E       F
            +---------+---------+-------+---------+---------+-------
      Total |   47442 |   46214 |  49.3 |     350 |     263 |  42.9
            +---------+---------+-------+---------+---------+-------
        D:1 |      50 |       3 |   5.7 |      20 |       2 |   9.1
        D:2 |      40 |       0 |   0.0 |      10 |       0 |   0.0
        D:3 |      52 |      56 |  51.9 |      26 |       8 |  23.5
        D:4 |     199 |      35 |  15.0 |      19 |       1 |   5.0
        D:5 |     866 |       0 |   0.0 |      25 |       0 |   0.0
        D:6 |     574 |     197 |  25.6 |      13 |       6 |  31.6
        D:7 |    1222 |    2449 |  66.7 |      30 |       9 |  23.1
        D:8 |    1046 |    3944 |  79.0 |      24 |      17 |  41.5
        D:9 |    1988 |     983 |  33.1 |      12 |       2 |  14.3
       D:10 |    2779 |    3658 |  56.8 |      19 |      16 |  45.7
       D:11 |    2595 |    2197 |  45.8 |      13 |      27 |  67.5
       D:12 |    3819 |     933 |  19.6 |       8 |       1 |  11.1
     Lair:1 |    2875 |    2342 |  44.9 |      15 |       7 |  31.8
     Lair:2 |    3339 |     746 |  18.3 |      11 |       4 |  26.7
     Lair:3 |    2934 |       0 |   0.0 |       9 |       0 |   0.0
     Lair:4 |    2847 |    1135 |  28.5 |      16 |       6 |  27.3
     Lair:5 |    8679 |    1852 |  17.6 |      32 |       9 |  22.0
     Lair:6 |    7011 |   10511 |  60.0 |      22 |      63 |  74.1
      Orc:1 |    2806 |       0 |   0.0 |      14 |       0 |   0.0
      Orc:2 |    1538 |   15003 |  90.7 |      11 |      37 |  77.1
    Abyss:1 |     183 |       0 |   0.0 |       1 |       0 |   0.0
      Sewer |       0 |     170 | 100.0 |       0 |      48 | 100.0
            +---------+---------+-------+---------+---------+-------
